 Dungeon Crawl Stone Soup version 0.20-a0-1039-gf554463 (webtiles) character file.

719 Koga the Chiller (level 7, -1/62 HPs)
             Began as an Ogre Ice Elementalist on Apr 22, 2017.
             Shot with an arrow by a centaur (8 damage)
             ... on level 5 of the Dungeon.
             The game lasted 00:20:30 (7615 turns).

Koga the Chiller (Ogre Ice Elementalist)            Turns: 7615, Time: 00:20:31

Health: -1/62      AC:  3    Str: 13    XL:     7   Next: 70%
Magic:  4/13       EV: 10    Int: 22    God:
Gold:   244        SH:  0    Dex: 20    Spells: 9/15 levels left

rFire    . . .     SeeInvis .   d - +8 rapier of the Coin {freeze, *Drain Int+4 Dex+5}
rCold    . . .     Gourm    .   (no shield)
rNeg     . . .     Faith    .   a - +0 robe
rPois    +         Spirit   .   (helmet restricted)
rElec    .         Reflect  .   (no cloak)
rCorr    .         Harm     .   (gloves unavailable)
MR       .....                  (boots unavailable)
Stlth    ++........             (no amulet)
Regen    0.2/turn               j - ring of poison resistance
MPRegen  0.2/turn               w - +6 ring of dexterity

@: very slightly contaminated
A: unfitting armour, tough skin 1
a: no special abilities


You were on level 5 of the Dungeon.
You were not hungry.

You visited 1 branch of the dungeon, and saw 5 of its levels.

You collected 244 gold pieces.

Inventory:

Hand Weapons
 d - the +8 rapier of the Coin (weapon) {freeze, *Drain Int+4 Dex+5}
   (You found it on level 5 of the Dungeon)

   It has been specially enchanted to freeze those struck by it, causing extra
   injury to most foes and up to half again as much damage against particularly
   susceptible opponents.
   It can also slow down cold-blooded creatures.
   It affects your intelligence (+4).
   It affects your dexterity (+5).
   It causes draining when unequipped.
Missiles
 n - 174 stones (quivered)
Armour
 a - a +0 robe (worn)
Jewellery
 e - an uncursed ring of protection from cold
 j - a ring of poison resistance (left hand)
 k - an uncursed ring of wizardry {unknown}
 w - a +6 ring of dexterity (right hand)
Scrolls
 g - a scroll of enchant weapon
 h - 5 scrolls of identify {unknown}
 l - 4 scrolls of remove curse
 m - a scroll of immolation {unknown}
 o - 2 scrolls of teleportation {unknown}
 r - 2 scrolls of random uselessness {unknown}
 t - a scroll of blinking {unknown}
 v - 2 scrolls of amnesia {unknown}
Potions
 f - 2 potions of brilliance
 s - a potion of mutation {unknown}
 x - a potion of curing {unknown}
 z - a potion of resistance {unknown}
 A - a potion of lignification {unknown}
Books
 b - a book of Frost

   Spells                             Type                      Level
   a - Freeze                         Ice                          1
   b - Throw Frost                    Conjuration/Ice              2
   c - Ozocubu's Armour               Charms/Ice                   3
   d - Throw Icicle                   Conjuration/Ice              4
   e - Summon Ice Beast               Ice/Summoning                4
Comestibles
 c - 2 bread rations
 i - 3 royal jellies
 q - a fruit
 u - 3 meat rations


   Skills:
 - Level 1.5 Fighting
 - Level 1.5 Short Blades
   Level 0.1 Maces & Flails
 - Level 1.7 Dodging
 - Level 1.4 Stealth
 - Level 0.6 Unarmed Combat
 + Level 4.6 Spellcasting
 - Level 2.2 Conjurations
 - Level 0.1 Charms
 + Level 6.2 Ice Magic


You had 9 spell levels left.
You knew the following spells:

 Your Spells              Type           Power        Failure   Level  Hunger
a - Freeze                Ice            ####         1%          1    None
b - Throw Frost           Conj/Ice       ###...       2%          2    None
c - Ozocubu's Armour      Chrm/Ice       ###.....     9%          3    ##.....


Dungeon Overview and Level Annotations

Branches:
Dungeon (5/15)
 Temple: D:4-7

Altars:
Dithmenos
Okawaru
Wu Jian

Annotations:
D:4 Shenda's ghost, novice FoAK


Innate Abilities, Weirdness & Mutations

You are too large for most types of armour.
You have tough skin. (AC +1)


Message History

The centaur shoots an arrow.
The arrow hits you.
The centaur shoots an arrow.
The arrow closely misses you.
The centaur shoots an arrow.
The arrow hits you.
You see here an arrow.
The centaur shoots an arrow.
The arrow completely misses you.
The centaur shoots an arrow.
The arrow hits you!
The centaur shoots an arrow.
The arrow barely misses you.
You see here an arrow.
The centaur shoots an arrow.
The arrow hits you.
You see here an arrow.
The centaur shoots an arrow.
The arrow hits you!
You see here an arrow.
Okay, then.
The centaur shoots an arrow.
The arrow hits you.
* * * LOW HITPOINT WARNING * * *
You see here an arrow.
The centaur shoots an arrow.
The arrow hits you!
* * * LOW HITPOINT WARNING * * *
The centaur shoots an arrow.
The arrow hits you!
You die...

.....# #(.#...#
#...####c(..# #...#.....##
.. #....##.# ..) #c#####.##
...# . #.# ##.## #...# .
##c######..###.... .
#....(............ ..
#.##....#..@.....##... #.
#.......####..#..# #.. #.
##......# #.##..# .. #.
#......####.##..# #.## #.
##.......##..##..# #..###.
#.........#.###..#####...##.
#.....>.....###...##.....##.
#.....#.....................
#.)....................##.


You could see a centaur.

Vanquished Creatures
  2 centaurs (D:5)
  A bullfrog (D:4)
  A howler monkey (D:5)
  2 hounds
  An orc priest (D:4)
  A centaur skeleton (D:4)
  Terence (D:2)
  Natasha (D:2)
  An orc wizard (D:4)
  3 worker ants (D:4)
  4 gnolls
  A howler monkey skeleton (D:4)
  4 adders
  5 oozes
  An adder skeleton (D:4)
  A worm (D:3)
  7 orcs
  5 giant cockroaches
  11 goblins
  7 hobgoblins
  6 jackals
  10 kobolds
  2 quokkas
  5 ball pythons
  4 bats
  4 frilled lizards
  7 rats
98 creatures vanquished.

Vanquished Creatures (others)
  10 fungi (D:5)
  2 withered plants (D:5)
12 creatures vanquished.

Grand Total: 110 creatures vanquished

Notes
Turn   | Place    | Note
-------+----------+-------------------------------------------
     0 | D:1      | Koga the Ogre Ice Elementalist began the quest for the Orb.
     0 | D:1      | Reached XP level 1. HP: 16/16 MP: 3/3
   261 | D:1      | Reached skill level 3 in Ice Magic
   261 | D:1      | Reached XP level 2. HP: 10/24 MP: 0/5
   545 | D:1      | Learned a level 2 spell: Throw Frost
   873 | D:1      | Reached XP level 3. HP: 32/32 MP: 0/6
   888 | D:1      | Reached skill level 1 in Conjurations
  1935 | D:2      | Noticed Terence
  1949 | D:2      | Killed Terence
  1949 | D:2      | Reached XP level 4. HP: 38/40 MP: 0/7
  2552 | D:2      | Learned a level 3 spell: Ozocubu's Armour
  2567 | D:2      | Reached skill level 1 in Short Blades
  2679 | D:2      | Found an iron altar of Okawaru.
  2788 | D:2      | Noticed Natasha
  2793 | D:2      | Killed Natasha
  2793 | D:2      | Reached skill level 1 in Fighting
  3015 | D:2      | Reached XP level 5. HP: 39/48 MP: 2/8
  3273 | D:3      | Reached skill level 4 in Ice Magic
  3390 | D:3      | Found an ornate altar of the Wu Jian Council.
  4222 | D:3      | Reached XP level 6. HP: 21/55 MP: 1/9
  4536 | D:4      | Reached skill level 5 in Ice Magic
  4614 | D:4      | Found a shadowy altar of Dithmenos.
  5072 | D:4      | Noticed Shenda's ghost (novice FoAK)
  6520 | D:4      | Reached XP level 7. HP: 52/62 MP: 0/11
  6990 | D:5      | Entered Level 5 of the Dungeon
  7114 | D:5      | Got a dazzling rapier
  7115 | D:5      | Identified the +8 rapier of the Coin {freeze, *Drain Int+4 Dex+5} (You found it on level 5 of the Dungeon)
  7297 | D:5      | Reached skill level 6 in Ice Magic
  7615 | D:5      | Shot with an arrow by a centaur

Vault maps used:
D:1:      erik_arrival_gehennom
D:2:      okawaru_altar_gauntlet_db, mrwooster_statue_mirror, uniq_terence,
          uniq_natasha
D:3:      nicolae_overflow_crystal_walls
D:4:      nicolae_dithmenos_through_a_glass_darkly, first_bread
D:5:      kiku_gazebo_garden_becter, fedhas_altar_3, minmay_temple_entry_hall

Skill      XL: |  1  2  3  4  5  6  7 |
---------------+----------------------+-----
Ice Magic      | 3 4 5 6 |  6.2
Conjurations   | 1 2 |  2.2
Short Blades   | 1 |  1.5
Fighting       | 1 |  1.5
Spellcasting   | 3 4 |  4.6
Maces & Flails | |  0.1
Dodging        | |  1.7
Stealth        | |  1.4
Unarmed Combat | |  0.6
Charms         | |  0.1

Action                   |  1- 3 |  4- 6 |  7- 9 || total
-------------------------+-------+-------+-------++-------
Melee: Dagger            |    26 |       |       ||    26
       Unarmed           |     9 |       |       ||     9
       Short sword       |    49 |       |       ||    49
       Flail             |       |    51 |     9 ||    60
 Cast: Freeze            |    15 |    51 |    10 ||    76
       Throw Frost       |    24 |    83 |    21 ||   128
       Ozocubu's Armour  |       |     1 |       ||     1
  Use: Scroll            |       |     4 |     1 ||     5
       Potion            |       |       |     2 ||     2
  Eat: Chunk             |     5 |    13 |     4 ||    22
       Bread ration      |       |     1 |       ||     1
       Royal jelly       |       |     1 |       ||     1
Armor: Robe              |    28 |    20 |     4 ||    52
Dodge: Dodged            |    52 |    47 |     9 ||   108
